 Dungeon Crawl Stone Soup version 0.31-a0-176-g91f28db67f (webtiles) character file.

Game seed: 4710851373147285980

4881 qw the Cleaver (level 10, -7/65 HPs)
             Began as a Gargoyle Fighter on June 17, 2023.
             Was a Believer of Okawaru.
             Mangled by a wizard
             ... wielding a +0 long sword
              (10 damage)
             ... on level 10 of the Dungeon.
             The game lasted 00:03:52 (8419 turns).

qw the Cleaver (Gargoyle Fighter)                   Turns: 8419, Time: 00:03:52

Health: -7/65      AC: 21    Str: 33    XL:     10   Next: 50%
Magic:  12/13      EV:  6    Int:  6    God:    Okawaru [**....]
Gold:   480        SH:  0    Dex:  9    Spells: 9/9 levels left

rFire   . . .        b - +1 broad axe of the Piercing Fool {freeze, rElec Will+ Str+4 Int-4}
rCold   . . .        c - +0 buckler
rNeg    + . .        e - +0 chain mail
rPois   inf          (no helmet)
rElec   +            (no cloak)
rCorr   .            p - +2 pair of gloves
SInv    +            (no boots)
Will    +....        i - amulet of regeneration Stlth
                     w - ring of see invisible
HPRegen 1.10/turn    s - +6 ring of strength
MPRegen 0.13/turn

%: no passive effects
@: heroic, held
A: sickness immunity, AC +7, negative energy resistance 1, electricity
resistance, torment resistance 1, petrification resistance
a: Renounce Religion, Heroism


You were on level 10 of the Dungeon.
You worshipped Okawaru.
Okawaru was pleased with you.
You visited 2 branches of the dungeon, and saw 11 of its levels.

You collected 543 gold pieces.
You spent 63 gold pieces at shops.


Innate Abilities, Weirdness & Mutations

You are immune to sickness and miasma.
Your stone body is resilient. (AC +7)
You are immune to poison.
You resist negative energy. (rN+)
You are resistant to electric shocks. (rElec)
You are resistant to unholy torment.
You are immune to petrification.


   Skills:
 - Level 8.4(13.4) Fighting
 - Level 10.0(15.0) Axes
 - Level 3.3(8.3) Throwing
 - Level 4.0(9.0) Armour
 - Level 4.2(9.2) Dodging
 + Level 4.0(9.0) Shields
 - Level 4.0 Invocations


You had 9 spell levels left.
You didn't know any spells.
Your spell library was empty.

Inventory:

Hand Weapons
 b - the +1 broad axe of the Piercing Fool (weapon) {freeze, rElec Will+ Str+4 Int-4}
   (You acquired it on level 4 of the Dungeon)

   Str:       It affects your strength (+4).
   Int:       It affects your intelligence (-4).
   rElec:     It insulates you from electricity.
   Will:      It increases your willpower.
 f - a +0 flail
 o - a +1 war axe
Missiles
 l - 7 boomerangs
 n - 4 javelins (quivered)
Armour
 c - a +0 buckler (worn)
 e - a +0 chain mail (worn)
 p - a +2 pair of gloves (worn)
Jewellery
 i - an amulet of regeneration (around neck)
 s - a +6 ring of strength (right hand)
 u - a ring of resist corrosion
 w - a ring of see invisible (left hand)
Scrolls
 g - 2 scrolls of teleportation
 j - a scroll of identify
 t - 2 scrolls of enchant weapon
Potions
 a - a potion of lignification
 d - a potion of might
 h - a potion of haste
 k - a potion of curing
 m - a potion of enlightenment
 q - a potion of magic {unknown}
 v - a potion of invisibility {unknown}

Dungeon Overview and Level Annotations

Branches:
Dungeon (10/15)            Temple (1/1) D:7             Orc (0/2) D:9
   Lair: D:8-11

Altars:
Ashenzari
Cheibriados
Dithmenos
Elyvilon
Fedhas
Gozag
Hepliaklqana
Kikubaaqudgha
Makhleb
Nemelex Xobeh
Okawaru
Qazlal
Ru
Sif Muna
Trog
Uskayaw
Vehumet
Wu Jian
Xom
Yredelemnul
Zin
The Shining One

Shops:
D:1 [   D:2 =[(

Annotations:
D:10 Harold, Urug


Message History

You gain the combat prowess of a mighty hero.
The gargoyle hits you with a +4 mace of draining!
You hit the gargoyle but do no damage. You slash the gargoyle!
You freeze the gargoyle.
The gargoyle is heavily damaged.
The gargoyle hits you with a +4 mace of draining.
You hit the gargoyle. You freeze the gargoyle.
The gargoyle is severely damaged.
You block Urug's attack.
The gargoyle hurls a stone arrow at you.
The stone arrow hits you!
You hit the gargoyle but do no damage.
The gargoyle is severely damaged.
Urug throws a javelin.
The javelin misses you.
The gargoyle hits you but does no damage.
The wizard mumbles some strange words.
The wizard flickers and vanishes for a moment.
You slash the gargoyle! You freeze the gargoyle.
You destroy the gargoyle!
Okawaru is honoured by your kill. Harold misses you.
Urug hits you but does no damage.
Your base Throwing skill increases to level 3!
The wizard blocks your attack. Harold barely misses you. Urug misses you.
The wizard hits you but does no damage.
You hit the wizard. You freeze the wizard.
The wizard is lightly wounded.
Harold throws a throwing net.
The throwing net hits you.
You become entangled in the net!
Urug hits you from afar with a +2 glaive of holy wrath!
The wizard hits you but does no damage.
You struggle against the net.
Harold hits you from afar with a +0 trident!
Urug hits you from afar with a +2 glaive of holy wrath.
The wizard hits you but does no damage.
You struggle against the net.
Harold hits you from afar with a +0 trident!
Urug hits you from afar with a +2 glaive of holy wrath!
The wizard hits you with a +0 long sword!
You die...

.............#.#.....
......................
.........<............
........#####..###....
..........###..#(#....
...............###....
................@.....
..............p.o.....
.............#@.......
.............#.)......
............##........
...........##........
....................
......#.#####.....
.....#. ..... .....


You could see Harold, Urug, a wizard (invisible) and a +2 great sword.

Vanquished Creatures
  Erolcha (D:9)
  Pikel (D:4)
  A gargoyle (D:10)
  Psyche (D:8)
  5 yaks (D:9)
  Sigmund (D:3)
  A water moccasin (D:7)
  2 orc warriors (D:9)
  An ice beast (D:8)
  2 sky beasts
  2 ogres
  2 centaurs
  2 lemures (D:4)
  3 phantoms
  2 kobold brigands
  2 bullfrogs
  A scorpion (D:4)
  8 wights
  3 howler monkeys
  A jelly (D:5)
  2 orc priests
  2 hounds
  An iguana (D:7)
  Terence (D:2)
  6 orc wizards
  3 adders
  A shadow imp (D:5)
  2 dart slugs (D:1)
  21 orcs
  6 ball pythons
  6 bats
  5 endoplasms
  3 giant cockroaches
  5 goblins
  10 hobgoblins
  13 kobolds
  3 quokkas
  4 frilled lizards (D:1)
  7 rats
143 creatures vanquished.

Notes
Turn   | Place    | Note
-------+----------+-------------------------------------------
     0 | D:1      | qw the Gargoyle Fighter began the quest for the Orb.
     0 | D:1      | Reached XP level 1. HP: 14/14 MP: 1/1
     0 | D:1      | 0 ||| qw: Version: 0.3-a-5-g6f28e65
     0 | D:1      | 0 ||| qw: Game counter: 453
     0 | D:1      | 0 ||| qw: Always use a shield: true
     0 | D:1      | 0 ||| qw: God list: Okawaru
     0 | D:1      | 0 ||| qw: Allow faded altars: false
     0 | D:1      | 0 ||| qw: Do Orc after D:15 true
     0 | D:1      | 0 ||| qw: Do second Lair branch before Depths: true
     0 | D:1      | 0 ||| qw: Lair rune preference: random
     0 | D:1      | 0 ||| qw: Plans: Normal, Zot:1-4, Slime:5, God:TSO, Crypt,
                  | Tomb, Abyss, Pan, Hells, Win
     0 | D:1      | 0 ||| PLANNING D:1-11
    90 | D:1      | Reached skill level 2 in Axes
   187 | D:1      | Reached XP level 2. HP: 15/19 MP: 2/2
   378 | D:1      | 378 ||| Stepping ~*~*~tactically~*~*~ (hiding).
   388 | D:1      | Reached skill level 3 in Axes
   442 | D:1      | Reached XP level 3. HP: 22/23 MP: 3/3
   446 | D:1      | 446 ||| DROPPING +0 club.
   792 | D:1      | Found Koled's Armour Emporium.
   795 | D:1      | 795 ||| BUYING +0 chain mail (63 gold).
   795 | D:1      | Bought a +0 chain mail for 63 gold pieces
   795 | D:1      | 795 ||| SHOPLISTING +0 helmet (63 gold, have 12).
   795 | D:1      | 795 ||| SHOPLISTING +0 pair of boots (63 gold, have 12).
   795 | D:1      | 795 ||| SHOPLISTING +1 scale mail of cold resistance (224
                  | gold, have 12).
   795 | D:1      | 795 ||| SHOPLISTING +2 cloak of stealth (301 gold, have
                  | 12).
   795 | D:1      | 795 ||| SHOPLISTING +3 plate armour of fire resistance (630
                  | gold, have 12).
   987 | D:1      | 987 ||| UPGRADING to +0 chain mail.
   997 | D:1      | 997 ||| DROPPING +0 scale mail.
   998 | D:1      | 998 ||| READING scroll labelled ZOOTSYDEINT.
   999 | D:1      | 999 ||| READING scroll labelled GIPPUOMOTO.
  1061 | D:2      | Found Capnew's Antique Armour Shop.
  1074 | D:2      | 1074 ||| SHOPLISTING crystal plate armour (1920 gold, have
                  | 32).
  1074 | D:2      | 1074 ||| SHOPLISTING kite shield (108 gold, have 32).
  1074 | D:2      | 1074 ||| SHOPLISTING pair of embroidered boots (180 gold,
                  | have 32).
  1088 | D:2      | 1088 ||| DROPPING +0 whip.
  1245 | D:2      | 1245 ||| DROPPING +0 mace.
  1380 | D:2      | Found Ovewk's Jewellery Emporium.
  1388 | D:2      | 1388 ||| SHOPLISTING +4 ring of protection (432 gold, have
                  | 38).
  1388 | D:2      | 1388 ||| SHOPLISTING amulet of the acrobat (360 gold, have
                  | 38).
  1388 | D:2      | 1388 ||| SHOPLISTING ring of ice (300 gold, have 38).
  1388 | D:2      | 1388 ||| SHOPLISTING ring of protection from fire (300
                  | gold, have 38).
  1388 | D:2      | 1388 ||| SHOPLISTING ring of see invisible (180 gold, have
                  | 38).
  1435 | D:2      | Found Posov's Weapon Shoppe.
  1444 | D:2      | 1444 ||| SHOPLISTING +2 war axe "Sytzurgh" {heavy, rN+
                  | Str-3 Int+2 Dex+3} (317 gold, have 47).
  1629 | D:2      | Reached XP level 4. HP: 28/28 MP: 4/4
  1785 | D:2      | 1785 ||| READING scroll labelled QUAKKE OFAI.
  1799 | D:3      | Noticed Terence
  1802 | D:3      | 1802 ||| STAIRDANCE
  1811 | D:2      | Killed Terence
  1812 | D:2      | Reached skill level 4 in Axes
  2212 | D:3      | Noticed Sigmund
  2229 | D:3      | Killed Sigmund
  2230 | D:3      | Reached skill level 5 in Axes
  2230 | D:3      | Reached XP level 5. HP: 31/32 MP: 5/5
  2230 | D:3      | Reached XP level 6. HP: 36/37 MP: 6/6
  2267 | D:3      | 2267 ||| Stepping ~*~*~tactically~*~*~ (hiding).
  2429 | D:3      | Found a bloodstained altar of Trog.
  2434 | D:3      | Found a hazy altar of Hepliaklqana.
  2434 | D:3      | Found a blossoming altar of Fedhas.
  2435 | D:3      | Found a glowing golden altar of the Shining One.
  2438 | D:3      | Found a white marble altar of Elyvilon.
  2872 | D:3      | 2872 ||| READING 2 scrolls labelled IHAIVAINIU.
  2873 | D:3      | 2873 ||| READING scroll labelled AFAOPSA NUTUAV.
  2874 | D:3      | 2874 ||| READING 2 scrolls labelled DEAZXE HONOWK.
  2875 | D:3      | 2875 ||| DROPPING scroll of vulnerability.
  3003 | D:4      | 3003 ||| FLEEEEING.
  3004 | D:4      | 3004 ||| FLEEEEING.
  3005 | D:4      | 3005 ||| FLEEEEING.
  3010 | D:4      | 3010 ||| FLEEEEING.
  3011 | D:4      | 3011 ||| FLEEEEING.
  3012 | D:4      | 3012 ||| FLEEEEING.
  3013 | D:4      | 3013 ||| FLEEEEING.
  3014 | D:4      | 3014 ||| FLEEEEING.
  3015 | D:4      | 3015 ||| FLEEEEING.
  3016 | D:4      | 3016 ||| FLEEEEING.
  3017 | D:4      | 3017 ||| FLEEEEING.
  3022 | D:4      | 3022 ||| FLEEEEING.
  3023 | D:4      | 3023 ||| FLEEEEING.
  3024 | D:4      | 3024 ||| FLEEEEING.
  3025 | D:4      | 3025 ||| FLEEEEING.
  3026 | D:4      | 3026 ||| FLEEEEING.
  3027 | D:4      | 3027 ||| FLEEEEING.
  3028 | D:4      | 3028 ||| FLEEEEING.
  3032 | D:4      | 3032 ||| FLEEEEING.
  3035 | D:4      | 3035 ||| STAIRDANCE
  3076 | D:3      | 3076 ||| READING scroll labelled WIGUQU CAUCI.
  3088 | D:4      | 3088 ||| Stepping ~*~*~tactically~*~*~ (stealth).
  3143 | D:4      | Noticed Pikel
  3159 | D:4      | HP: 8/38 [Pikel/+2 whip of freezing (2)]
  3160 | D:4      | 3160 ||| READING 2 scrolls of teleportation.
  3162 | D:4      | HP: 3/38 [Pikel/+2 whip of freezing (2)]
  3346 | D:4      | Reached skill level 6 in Axes
  3448 | D:4      | 3448 ||| Stepping ~*~*~tactically~*~*~ (stealth).
  3479 | D:4      | 3479 ||| FLEEEEING.
  3480 | D:4      | 3480 ||| FLEEEEING.
  3481 | D:4      | 3481 ||| FLEEEEING.
  3482 | D:4      | 3482 ||| FLEEEEING.
  3483 | D:4      | 3483 ||| FLEEEEING.
  3484 | D:4      | 3484 ||| FLEEEEING.
  3485 | D:4      | 3485 ||| FLEEEEING.
  3486 | D:4      | 3486 ||| FLEEEEING.
  3487 | D:4      | 3487 ||| FLEEEEING.
  3488 | D:4      | 3488 ||| FLEEEEING.
  3489 | D:4      | 3489 ||| FLEEEEING.
  3490 | D:4      | 3490 ||| FLEEEEING.
  3491 | D:4      | 3491 ||| FLEEEEING.
  3492 | D:4      | 3492 ||| FLEEEEING.
  3493 | D:4      | 3493 ||| FLEEEEING.
  3494 | D:4      | 3494 ||| FLEEEEING.
  3495 | D:4      | 3495 ||| FLEEEEING.
  3496 | D:4      | 3496 ||| FLEEEEING.
  3507 | D:4      | Killed Pikel
  3508 | D:4      | Reached XP level 7. HP: 20/43 MP: 7/7
  3508 | D:4      | Reached XP level 8. HP: 22/48 MP: 8/8
  3894 | D:4      | Reached skill level 1 in Throwing
  3976 | D:4      | 3976 ||| UPGRADING to +0 pair of gloves.
  3981 | D:4      | 3981 ||| READING 2 scrolls of enchant armour.
  3981 | D:4      | 3981 ||| ENCHANTING +0 pair of gloves.
  3982 | D:4      | 3982 ||| READING scroll of enchant armour.
  3982 | D:4      | 3982 ||| ENCHANTING +1 pair of gloves.
  3983 | D:4      | 3983 ||| UPGRADING to amulet of regeneration.
  3988 | D:4      | 3988 ||| UPGRADING to ring of resist corrosion.
  3989 | D:4      | 3989 ||| READING scroll labelled ETEUNI ZUAL.
  3989 | D:4      | Identified a scroll of acquirement
  3989 | D:4      | 3989 ||| ACQUIRING +1 broad axe of the Piercing Fool
                  | {freeze, rElec Will+ Str+4 Int-4}
  3989 | D:4      | Acquired the +1 broad axe of the Piercing Fool {freeze,
                  | rElec Will+ Str+4 Int-4}
  3991 | D:4      | 3991 ||| SWAPPING to +1 broad axe of the Piercing Fool
                  | {freeze, rElec Will+ Str+4 Int-4}.
  3992 | D:4      | 3992 ||| READING 3 scrolls of identify.
  3992 | D:4      | 3992 ||| IDENTIFYING sedimented brown potion
  3993 | D:4      | 3993 ||| READING 2 scrolls of identify.
  3993 | D:4      | 3993 ||| IDENTIFYING bubbling blue potion
  3994 | D:4      | 3994 ||| DROPPING potion of degeneration.
  4015 | D:5      | Entered Level 5 of the Dungeon
  4195 | D:5      | 4195 ||| Stepping ~*~*~tactically~*~*~ (hiding).
  4338 | D:5      | 4338 ||| Stepping ~*~*~tactically~*~*~ (stealth).
  4406 | D:5      | 4406 ||| Stepping ~*~*~tactically~*~*~ (stealth).
  4410 | D:5      | Reached skill level 7 in Axes
  4923 | D:5      | 4923 ||| READING scroll labelled ZUEFUE DUEWKA.
  4924 | D:5      | 4924 ||| READING 2 scrolls of identify.
  4924 | D:5      | 4924 ||| IDENTIFYING bubbling red potion
  5096 | D:6      | 5096 ||| Stepping ~*~*~tactically~*~*~ (hiding).
  5368 | D:6      | 5368 ||| UPGRADING to +6 ring of strength.
  5369 | D:6      | 5369 ||| DRINKING 2 fizzy pink potions.
  5370 | D:6      | 5370 ||| READING 2 scrolls of identify.
  5370 | D:6      | 5370 ||| IDENTIFYING bubbling ruby potion
  5506 | D:7      | 5506 ||| Stepping ~*~*~tactically~*~*~ (hiding).
  5528 | D:7      | HP: 12/50 [wight/+3 scimitar (8)]
  5528 | D:7      | HP: 2/50 [wight/+3 scimitar (10)]
  5529 | D:7      | 5529 ||| READING 2 scrolls of teleportation.
  5532 | D:7      | Reached skill level 8 in Axes
  5532 | D:7      | Reached XP level 9. HP: 6/54 MP: 9/9
  5612 | D:7      | 5612 ||| Stepping ~*~*~tactically~*~*~ (stealth).
  5614 | D:7      | 5614 ||| Stepping ~*~*~tactically~*~*~ (hiding).
  5617 | D:7      | 5617 ||| Stepping ~*~*~tactically~*~*~ (hiding).
  5623 | D:7      | Reached skill level 6 in Fighting
  5656 | D:7      | Found a staircase to the Ecumenical Temple.
  5657 | D:7      | 5657 ||| PLANNING TEMPLE
  5665 | Temple   | Entered the Ecumenical Temple
  5707 | Temple   | 5707 ||| PLANNING OKAWARU WORSHIP
  5856 | Temple   | Became a worshipper of Warmaster Okawaru
  5857 | Temple   | 5857 ||| PLANNING D:1-11
  6810 | D:7      | 6810 ||| Stepping randomly (stuck).
  7036 | D:8      | Reached skill level 9 in Axes
  7514 | D:8      | 7514 ||| Stepping ~*~*~tactically~*~*~ (stealth).
  7517 | D:8      | 7517 ||| Stepping ~*~*~tactically~*~*~ (hiding).
  7527 | D:8      | Reached * piety under Okawaru
  7583 | D:8      | 7583 ||| UPGRADING to ring of see invisible.
  7585 | D:8      | 7585 ||| READING scroll labelled FAWNAURHIHA.
  7586 | D:8      | 7586 ||| READING 2 scrolls of identify.
  7586 | D:8      | 7586 ||| IDENTIFYING metallic pink potion
  7587 | D:8      | 7587 ||| DROPPING potion of ambrosia.
  7621 | D:9      | Noticed Psyche
  7622 | D:9      | 7622 ||| INVOKING Heroism.
  7631 | D:9      | 7631 ||| STAIRDANCE
  7636 | D:8      | 7636 ||| Stepping randomly (disturbance).
  7640 | D:8      | Killed Psyche
  7705 | D:9      | 7705 ||| INVOKING Heroism.
  7706 | D:9      | 7706 ||| Stepping ~*~*~tactically~*~*~ (stealth).
  7715 | D:9      | 7715 ||| INVOKING Heroism.
  7742 | D:9      | Found a staircase to the Orcish Mines.
  7765 | D:9      | 7765 ||| Stepping ~*~*~tactically~*~*~ (stealth).
  7767 | D:9      | 7767 ||| Stepping ~*~*~tactically~*~*~ (stealth).
  7770 | D:9      | Reached skill level 1 in Invocations
  7775 | D:9      | Reached XP level 10. HP: 63/63 MP: 9/11
  7778 | D:9      | Reached skill level 3 in Invocations
  7923 | D:9      | Reached ** piety under Okawaru
  7958 | D:9      | Reached skill level 10 in Axes
  7989 | D:9      | Noticed Erolcha
  7990 | D:9      | 7990 ||| Stepping ~*~*~tactically~*~*~ (hiding).
  7995 | D:9      | 7995 ||| INVOKING Heroism.
  7999 | D:9      | Killed Erolcha
  8112 | D:9      | 8112 ||| Stepping ~*~*~tactically~*~*~ (stealth).
  8357 | D:9      | Found an ornate altar of the Wu Jian Council.
  8399 | D:10     | Entered Level 10 of the Dungeon
  8399 | D:10     | Noticed a +2 great sword
  8406 | D:10     | Noticed a wizard
  8406 | D:10     | Noticed a gargoyle
  8407 | D:10     | Noticed Urug
  8408 | D:10     | Noticed Harold
  8410 | D:10     | 8410 ||| INVOKING Heroism.
  8415 | D:10     | Killed a gargoyle
  8416 | D:10     | Reached skill level 3 in Throwing
  8419 | D:10     | HP: 10/65 [Harold/+0 trident (15)]
  8419 | D:10     | HP: 3/65 [Urug/+2 glaive of holy wrath (7)]
  8419 | D:10     | Mangled by a wizard

Levels and vault maps discovered:
D:1:      minmay_arrival_widening_spiral_wide, layout_loops_corners,
          serial_shops, nicolae_shop_real_fake_doors, minmay_misc_feat_room,
          minivault_23, ebering_dispersal_statue_hall, minmay_misc_feat_rows,
          dk_noncrumbling_3
D:2:      layout_basic, serial_shops, shop, nicolae_shop_tiny_statue_garden,
          shop_fountains, due_unseen_surprise
D:3:      layout_basic, minitemple, uniq_sigmund, uniq_terence
D:4:      layout_basic, uniq_pikel
D:5:      layout_basic
D:6:      layout_basic, grunt_decor_resistance
D:7:      layout_basic, minmay_temple_entry_purple_smoke
D:8:      layout_basic, serial_curves, eino_curves_02, eino_curves_03
D:9:      layout_basic, nicolae_wu_jian_immortal_techniques, david_orc_2,
          serial_curves, eino_curves_01, eino_curves_01, uniq_erolcha,
          uniq_psyche
D:10:     layout_basic, small_chamber_with_monster, sword_in_stone
Temple:   regret_index_temple_sphere_string

Skill      XL: |  1  2  3  4  5  6  7  8  9 10 |
---------------+-------------------------------+-----
Axes           | 2 3 5 6 8 9 10 | 10.0
Fighting       | 4 5 7 8 |  8.4
Dodging        | 4 |  4.2
Throwing       | 2 3 |  3.3
Shields        | 4 |  4.0
Armour         | 4 |  4.0
Invocations    | 2 4 |  4.0

Action                     |  1- 3 |  4- 6 |  7- 9 | 10-12 || total
---------------------------+-------+-------+-------+-------++-------
  Melee: War axe           |   116 |   125 |     9 |       ||   250
         Broad axe         |       |       |   139 |    31 ||   170
         Unarmed           |       |       |     3 |       ||     3
  Throw: Boomerang         |       |    32 |     2 |       ||    34
         Javelin           |       |       |    48 |     2 ||    50
 Invoke: Heroism           |       |       |     3 |     2 ||     5
    Use: Scroll            |     2 |     6 |    11 |       ||    19
         Potion            |       |       |     1 |       ||     1
 Armour: Scale mail        |    50 |       |       |       ||    50
         Chain mail        |    26 |    56 |    71 |    17 ||   170
  Dodge: Dodged            |    47 |    34 |    56 |    14 ||   151
  Block: Buckler           |    13 |    19 |    28 |     4 ||    64

Table legend:
 A = Non-vault XP
 B = Vault XP
 C = Vault XP percentage of total XP
 D = Non-vault monster count
 E = Vault monster count
 F = Vault count percentage of total count
                 A         B        C        D         E       F
            +---------+---------+-------+---------+---------+-------
      Total |    4600 |    2373 |  34.0 |     131 |      10 |   7.1
            +---------+---------+-------+---------+---------+-------
        D:1 |      54 |       0 |   0.0 |      30 |       0 |   0.0
        D:2 |      28 |      36 |  56.2 |      11 |       1 |   8.3
        D:3 |     111 |     214 |  65.8 |      13 |       1 |   7.1
        D:4 |     222 |     617 |  73.5 |      19 |       1 |   5.0
        D:5 |     383 |       0 |   0.0 |       7 |       0 |   0.0
        D:6 |     352 |       0 |   0.0 |      11 |       0 |   0.0
        D:7 |    1011 |       0 |   0.0 |      16 |       0 |   0.0
        D:8 |     584 |     365 |  38.5 |      12 |       1 |   7.7
        D:9 |    1458 |    1141 |  43.9 |      11 |       6 |  35.3
       D:10 |     397 |       0 |   0.0 |       1 |       0 |   0.0
            +---------+---------+-------+---------+---------+-------
